 Dungeon Crawl Stone Soup version 0.23-a0-175-g97aacdb (webtiles) character file.

272 Inarius the Skirmisher (level 6, -12/51 HPs)
             Began as a Mummy Fighter on Sept 16, 2018.
             Killed by divine providence
             ... invoked by an orc priest
              (15 damage)
             ... on level 3 of the Dungeon.
             The game lasted 00:05:42 (3736 turns).

Inarius the Skirmisher (Mummy Fighter)              Turns: 3736, Time: 00:05:45

Health: -12/51     AC:  6    Str: 21    XL:     6   Next: 2%
Magic:  6/6        EV:  7    Int:  7    God:
Gold:   217        SH:  9    Dex: 12    Spells: 5/5 levels left

rFire    x . .     SeeInvis +   a - +0 long sword
rCold    + . .     Gourm    .   c - +0 shield
rNeg     + + +     Faith    .   b - +0 scale mail
rPois    ∞         Spirit   .   (no helmet)
rElec    .         Reflect  .   (no cloak)
rCorr    .         Harm     .   (no gloves)
MR       .....                  (no boots)
Stlth    ..........             (no amulet)
HPRegen  0.17/turn              i - ring of see invisible
MPRegen  0.10/turn              (no ring)

@: no status effects
A: no food or potions, fire vulnerability, cold resistance 1, negative energy
resistance 3, torment resistance, unbreathing
a: no special abilities


You were on level 3 of the Dungeon.
You were not hungry.

You visited 1 branch of the dungeon, and saw 4 of its levels.

You collected 217 gold pieces.

Inventory:

Hand Weapons
 a - a +0 long sword (weapon)
Missiles
 h - 30 poisoned needles
Armour
 b - a +0 scale mail (worn)
 c - a +0 shield (worn)
Jewellery
 i - a ring of see invisible (left hand)
Scrolls
 d - a scroll of remove curse
 e - a scroll of fog
 f - 2 scrolls of fear
 g - a scroll of identify
 j - a scroll of enchant weapon {unknown}
 k - a scroll of magic mapping {unknown}


   Skills:
 * Level 5.1 Fighting
 - Level 1.6 Long Blades
 + Level 3.6 Armour
 + Level 3.4 Shields


You had 5 spell levels left.
You didn't know any spells.
Your spell library was empty.

Dungeon Overview and Level Annotations

Branches:
Dungeon (4/15)
 Temple: D:4-7

Altars:
Okawaru
Vehumet


Innate Abilities, Weirdness & Mutations

You do not eat or drink.
Your flesh is vulnerable to fire.
You are immune to poison.
Your flesh is cold resistant. (rC+)
You are immune to negative energy. (rN+++)
You are immune to unholy pain and torment.
You can survive without breathing.


Message History

The orc priest is almost dead.
The orc priest hits you but does no damage.
Your shield and scale mail prevent you from hitting the orc priest.
The orc priest is almost dead.
The orc priest barely misses you.
Your shield and scale mail prevent you from hitting the orc priest.
The orc priest is almost dead.
You block the orc priest's attack.
You closely miss the orc priest.
The orc priest is almost dead.
The orc priest hits you with a flail.
* * * LOW HITPOINT WARNING * * *
You closely miss the orc priest.
The orc priest is almost dead.
The orc priest invokes the aid of Beogh against you.
Beogh smites you!
* * * LOW HITPOINT WARNING * * *
The orc priest mumbles some strange prayers to Beogh against you.
Beogh smites you!
You die...

#.###.##..# #................#
#.........# ####......####.#)#
#........## ##...#......#.#
###.......# ##.#########.#
#.#.###.# #.# #.# #.#.(.#.# #.#
##.## #.###.#.# ##'## #...# #.#
#.#.# ##o..## ##..# #.###.#.#
##@....## ##.# #...)...#
##.......## ##..#
#######...####.........####...##
.............)[........'.......#
#######)..####......>..####..%##
###..######.......## ##..###
#.......# ##.....## #.....#
#.#.###.# ##...## #.....#
#.#...#.# ##'## #.....#


You could see an orc priest.

Vanquished Creatures
  2 orc priests (D:3)
  A hound skeleton (D:3)
  8 gnolls
  4 adders
  A dart slug (D:1)
  3 leopard geckos
  12 orcs (D:3)
  7 bats
  A giant cockroach (D:1)
  11 goblins
  12 hobgoblins
  A kobold (D:3)
  3 frilled lizards
  4 rats
70 creatures vanquished.

Notes
Turn   | Place    | Note
-------+----------+-------------------------------------------
     0 | D:1      | Inarius the Mummy Fighter began the quest for the Orb.
     0 | D:1      | Reached XP level 1. HP: 18/18 MP: 1/1
    93 | D:1      | Reached XP level 2. HP: 21/24 MP: 2/2
   435 | D:1      | Reached XP level 3. HP: 20/30 MP: 3/3
   748 | D:2      | Reached skill level 4 in Fighting
  1154 | D:1      | Reached XP level 4. HP: 31/37 MP: 4/4
  2333 | D:3      | Reached XP level 5. HP: 31/43 MP: 5/5
  3108 | D:3      | Found a radiant altar of Vehumet.
  3112 | D:3      | Found an iron altar of Okawaru.
  3116 | D:3      | Reached skill level 5 in Fighting
  3203 | D:3      | Reached XP level 6. HP: 20/51 MP: 6/6
  3736 | D:3      | Killed from afar by an orc priest

Vault maps used:
D:1:      eino_arrival_druids_welcome
D:3:      grunt_temple_overflow_open, first_ration
D:4:      ashenzari_conservatory_becter, minmay_temple_entry_poolview,
          elyvilon_altar_4

Skill      XL: |  1  2  3  4  5 |
---------------+----------------+-----
Fighting       | 4 5 |  5.1
Armour         | 3 |  3.6
Shields        | 3 |  3.4
Long Blades    | |  1.6

Action                   |  1- 3 |  4- 6 || total
-------------------------+-------+-------++-------
Melee: Long sword        |   123 |   187 ||   310
  Use: Scroll            |       |     3 ||     3
Armor: Scale mail        |    56 |    71 ||   127
Dodge: Dodged            |    44 |    65 ||   109
Block: Shield            |    51 |    90 ||   141
       Rpst.: Long sword |    17 |    19 ||    36

Table legend:
 A = Non-vault XP
 B = Vault XP
 C = Vault XP percentage of total XP
 D = Non-vault monster count
 E = Vault monster count
 F = Vault count percentage of total count
                 A         B        C        D         E       F
            +---------+---------+-------+---------+---------+-------
      Total |     389 |       0 |   0.0 |      70 |       0 |   0.0
            +---------+---------+-------+---------+---------+-------
        D:1 |      78 |       0 |   0.0 |      21 |       0 |   0.0
        D:2 |      76 |       0 |   0.0 |      15 |       0 |   0.0
        D:3 |     235 |       0 |   0.0 |      34 |       0 |   0.0
            +---------+---------+-------+---------+---------+-------
